 Dungeon Crawl Stone Soup version 0.28.0 (webtiles) character file.

Game seed: 15265253969272856031

18 Sanktem7 the Skirmisher (level 2, 0/27 HPs)
             Began as a Minotaur Fighter on Feb 12, 2022.
             Succumbed to a goblin's poison
             ... on level 1 of the Dungeon.
             The game lasted 00:00:45 (285 turns).

Sanktem7 the Skirmisher (Minotaur Fighter)           Turns: 285, Time: 00:00:46

Health: 0/27       AC:  7    Str: 20    XL:     2   Next: 48%
Magic:  1/1        EV:  9    Int:  5    God:
Gold:   17         SH:  4    Dex:  9    Spells: 1/1 levels left

rFire   . . .      SeeInvis .   a - +0 war axe
rCold   . . .      Faith    .   c - +0 buckler
rNeg    . . .      Spirit   .   b - +0 scale mail
rPois   .          Reflect  .   (helmet restricted)
rElec   .          Harm     .   (no cloak)
rCorr   .          Rampage  .   (no gloves)
Will    .....                   (no boots)
Stlth   ..........              (no amulet)
HPRegen 0.09/turn               (no ring)
MPRegen 0.07/turn               (no ring)

@: lethally poisoned (0 -> -14)
A: horns 2, retaliatory headbutt
a: no special abilities


You were on level 1 of the Dungeon.
You visited 1 branch of the dungeon, and saw 1 of its levels.

You collected 17 gold pieces.

Inventory:

Hand Weapons
 a - a +0 war axe (weapon)
Armour
 b - a +0 scale mail (worn)
 c - a +0 buckler (worn)
Scrolls
 e - a scroll of amnesia {unknown}
Potions
 d - 3 potions of might
 f - a potion of ambrosia {unknown}


   Skills:
 * Level 4.2 Fighting
 * Level 2.8 Axes
 * Level 4.0 Armour
 - Level 3.6 Shields


You had one spell level left.
You didn't know any spells.
Your spell library was empty.

Dungeon Overview and Level Annotations

Branches:
Dungeon (1/15)

Altars:

Shops:
D:1 =


Innate Abilities, Weirdness & Mutations

You have a pair of horns on your head.
You reflexively headbutt those who attack you in melee.


Message History

You miss the kobold. The kobold hits you but does no damage.
The kobold barely misses you.
You completely miss the kobold. The kobold hits you but does no damage.
You hit the kobold.
You kill the kobold!
The goblin hits you but does no damage.
You are poisoned.
Things that are here:
a +0 dagger; a kobold corpse You hit the goblin.
The goblin is moderately wounded.
You feel sick.
The goblin hits you with a +1 dagger of venom.
You are more poisoned.
The goblin hits you but does no damage.
You are lethally poisoned!
You closely miss the goblin.
The goblin is moderately wounded.
You hit the endoplasm.
You kill the endoplasm!
You feel very sick. The goblin barely misses you.
You completely miss the goblin.
The goblin is moderately wounded.
You feel very sick. The goblin closely misses you.
You barely miss the goblin.
The goblin is moderately wounded.
You feel very sick. The goblin barely misses you.
The goblin closely misses you.
You miss the goblin.
The goblin is moderately wounded.
* * * LOW HITPOINT WARNING * * *
You feel very sick.
The goblin hits you with a +1 dagger of venom.
* * * LOW HITPOINT WARNING * * *
You are more poisoned.
You barely miss the goblin.
The goblin is moderately wounded.
You die...

## #....#.##.#.##...)....
##.. #.#.......#.##...†..##
.....##.#..†....#.......#.##
#...............###......
####.###.#####.## #.#..#.
#.....# #.# #.##.## ##.####
#.# #.##... #....# #.#
#..###. #.##@# ..# ## .
#.##.g# ### #.###... ..#
##..# .## .$.. #. ###. #.


You could see a goblin.

Vanquished Creatures
  An endoplasm (D:1)
  A giant cockroach (D:1)
  A goblin (D:1)
  2 hobgoblins (D:1)
  4 jackals (D:1)
  2 kobolds (D:1)
  A quokka (D:1)
  A bat (D:1)
  A frilled lizard (D:1)
14 creatures vanquished.

Notes
Turn   | Place    | Note
-------+----------+-------------------------------------------
     0 | D:1      | Sanktem7 the Minotaur Fighter began the quest for the Orb.
     0 | D:1      | Reached XP level 1. HP: 19/19 MP: 0/0
    40 | D:1      | Reached XP level 2. HP: 26/27 MP: 1/1
    65 | D:1      | Found Keosch's Jewellery Shop.
   285 | D:1      | Succumbed to a goblin's poison

Illustrated notes

Levels and vault maps discovered:
D:1:      dpeg_arrival_tiny_b, layout_rooms, serial_shops,
          nicolae_shop_behind_doors

Skill      XL: |  1  2 |
---------------+-------+-----
Armour         | 4 |  4.0
Fighting       | 4 |  4.2
Axes           | |  2.8
Shields        | |  3.6

Action                   || total
-------------------------++-------
Melee: War axe           ||    34
       Headbutt          ||     3
Armor: Scale mail        ||    24
Dodge: Dodged            ||    22
Block: Buckler           ||     8
